 Dungeon Crawl Stone Soup version 0.29.0-13-gc9e81de378 (webtiles) character file.

Game seed: 11255362231734262280

6953 bande the Cleaver (level 11, -10/85 HPs)
             Began as a Hill Orc Fighter on Sept 10, 2022.
             Was a Believer of Beogh.
             Mangled by Grum
             ... wielding a -1 spear
              (14 damage)
             ... on level 9 of the Dungeon.
             The game lasted 00:19:47 (9167 turns).

bande the Cleaver (Hill Orc Fighter)                Turns: 9167, Time: 00:19:48

Health: -10/85     AC: 16    Str: 20    XL:     11   Next: 7%
Magic:  14/14      EV: 13    Int:  8    God:    Beogh [**....]
Gold:   496        SH:  5    Dex: 14    Spells: 10/10 levels left

rFire   + . .      SeeInvis .   a - +1 war axe (venom)
rCold   . . .      Faith    .   c - +0 buckler
rNeg    . . .      Spirit   .   b - +0 scale mail
rPois   .          Reflect  .   p - +0 helmet
rElec   .          Harm     .   n - +0 cloak
rCorr   .          Rampage  .   g - +1 pair of gloves
Will    .....      Clarity  +   C - +0 pair of boots
Stlth   ..........              A - amulet of regeneration
HPRegen 1.04/turn               k - +4 ring of evasion
MPRegen 0.14/turn               (no ring)

@: no status effects
A: iridescent scales 1, clarity, fire resistance 1, frail 1
a: Renounce Religion, Smiting


You were on level 9 of the Dungeon.
You worshipped Beogh.
Beogh was pleased with you.
You visited 1 branch of the dungeon, and saw 9 of its levels.

You collected 496 gold pieces.

Inventory:

Hand Weapons
 a - a +1 war axe of venom (weapon)
 o - a +0 flail
 D - a +0 vorpal war axe
Missiles
 w - a throwing net (quivered)
Armour
 b - a +0 scale mail (worn)
 c - a +0 buckler (worn)
 g - a +1 pair of gloves (worn)
 n - a +0 cloak (worn)
 p - a +0 helmet (worn)
 C - a +0 pair of boots (worn)
Jewellery
 k - a +4 ring of evasion (left hand)
 r - a ring of ice
 A - an amulet of regeneration (around neck)
 G - the amulet of Jitz {Faith rN++}
   (You found it on level 9 of the Dungeon)

   [amulet of faith]

   It allows you to gain divine favour quickly.
   rN:        It greatly protects you from negative energy.
Wands
 h - a wand of paralysis (14)
 y - a wand of mindburst (11)
 z - a wand of flame (34)
Scrolls
 j - 2 scrolls of identify
 s - a scroll of enchant armour
 u - 2 scrolls of enchant weapon
 v - 2 scrolls of teleportation
 E - a scroll of fog
Potions
 d - a potion of might
 e - 2 potions of brilliance
 f - a potion of magic
 i - 2 potions of flight
 l - a potion of berserk rage
 m - 3 potions of curing
 q - a potion of invisibility
 t - 3 potions of cancellation
 x - 3 potions of heal wounds
 B - a potion of haste
 F - a potion of mutation


   Skills:
 + Level 8.8 Fighting
 + Level 14.6 Axes
 + Level 8.3 Armour
 + Level 5.6 Shields
 * Level 4.6 Invocations
 * Level 5.1 Evocations


You had 10 spell levels left.
You didn't know any spells.
Your spell library contained the following spells:

 Spells                   Type           Power      Damage    Failure   Level
 Beastly Appendage        Tmut           0%         N/A       80%         1
 Magic Dart               Conj           0%         1d3       80%         1
 Call Imp                 Summ           0%         N/A       91%         2
 Wereblood                Tmut           0%         N/A       91%         2
 Mephitic Cloud           Conj/Pois/Air  0%         N/A       99%         3
 Spider Form              Tmut/Pois      0%         N/A       99%         3


Dungeon Overview and Level Annotations

Branches:
Dungeon (9/15)             Temple (0/1) D:5
   Lair: D:8-11         Orc: D:9-12

Altars:
Ru
Sif Muna
Wu Jian

Annotations:
D:9 Grum


Innate Abilities, Weirdness & Mutations

You are partially covered in iridescent scales. (AC +2)
You possess an exceptional clarity of mind.
Your flesh is heat resistant. (rF+)
You are frail. (-10% HP)


Message History

Unknown command.
You slash the wolf!
You kill the wolf!
Beogh accepts your kill.
You barely miss the wolf.
You kill the wolf!
Beogh accepts your kill.
Grum hits you from afar with a -1 spear.
Grum completely misses you. You block Grum's attack.
Unknown command.
You block Grum's attack.
Things that are here:
a wolf corpse; a wolf corpse You closely miss Grum.
Grum hits you with a -1 spear!!
You barely miss Grum. You block Grum's attack. Grum hits you with a -1 spear!
* * * LOW HITPOINT WARNING * * *
You barely miss Grum. You block Grum's attack.
You hit Grum.
Grum is poisoned.
Grum is lightly wounded.
Grum barely misses you.
You slice Grum!!
Grum looks as sick as possible!
Grum is moderately wounded.
You block Grum's attack.
You hit Grum.
Grum looks as sick as possible!
Grum is heavily wounded.
Grum misses you. You block Grum's attack.
You slash Grum!
Grum is heavily wounded.
Grum closely misses you.
You slash Grum!
Grum is severely wounded.
Grum closely misses you.
You closely miss Grum.
Grum is severely wounded.
Grum hits you with a -1 spear!
* * * LOW HITPOINT WARNING * * *
You slash Grum!
Grum looks as sick as possible!
Grum is almost dead.
Grum hits you with a -1 spear!
You die...

..........#
#.........###
#.......#...##
#.#######.#..##
#.# #.##..###
#.# #.#.....#
#. #.#.....##
#.#......##
......###@g#
####++# ##...#
##..... .>...
.... ... ###


You could see Grum (berserk, extremely poisoned).

Vanquished Creatures
  Erica (D:8)
  Pikel (D:4)
  An unseen horror zombie (D:7)
  Grinder (D:6)
  Sigmund (D:2)
  6 yaks
  Eustachio (D:5)
  Menkaure (D:7)
  Duvessa (D:5)
  2 hornet zombies (D:7)
  3 sky beasts
  4 ice beasts
  A black bear (D:5)
  4 wolves (D:9)
  4 ogres
  A centaur (D:8)
  3 lemures (D:4)
  2 phantoms
  2 kobold brigands
  2 bullfrogs
  A necrophage (D:4)
  2 wyvern zombies (D:7)
  2 scorpions
  A water moccasin zombie (D:7)
  9 wights (D:7)
  Dowan (D:5)
  An electric eel (D:7)
  5 centaur zombies (D:7)
  3 bullfrog zombies (D:7)
  An orc priest (D:8)
  A jelly (D:6)
  Crazy Yiuf (D:5)
  5 hounds
  A gnoll bouda (D:9)
  An iguana (D:6)
  Natasha (thrice) (D:2)
  3 orc wizards
  4 killer bee zombies (D:7)
  Robin (D:2)
  2 howler monkey zombies (D:7)
  12 gnolls
  6 adders
  A shadow imp (D:6)
  2 white imps
  2 ufetubi
  5 worms
  3 dart slugs
  14 orcs
  5 bats
  8 endoplasms
  3 giant cockroaches
  19 goblins
  8 hobgoblins
  2 jackals (D:4)
  30 kobolds
  5 quokkas
  10 ball pythons
  5 frilled lizards
  6 rats
236 creatures vanquished.

Vanquished Creatures (others)
  An orc (D:7)
  23 plants (D:5)
  5 withered plants
29 creatures vanquished.

Grand Total: 265 creatures vanquished

Notes
Turn   | Place    | Note
-------+----------+-------------------------------------------
     0 | D:1      | bande the Hill Orc Fighter began the quest for the Orb.
     0 | D:1      | Reached XP level 1. HP: 19/19 MP: 1/1
   137 | D:1      | Found a faded altar of an unknown god.
   378 | D:1      | Reached skill level 3 in Axes
   378 | D:1      | Reached XP level 2. HP: 27/27 MP: 2/2
   606 | D:1      | Reached XP level 3. HP: 16/33 MP: 3/3
  1241 | D:2      | Reached skill level 4 in Axes
  1241 | D:2      | Reached XP level 4. HP: 40/40 MP: 4/4
  1288 | D:2      | Noticed Natasha
  1315 | D:2      | Killed Natasha
  1890 | D:2      | Noticed Natasha
  1906 | D:2      | Killed Natasha
  1907 | D:2      | Reached skill level 5 in Axes
  1907 | D:2      | Reached XP level 5. HP: 22/46 MP: 5/5
  2375 | D:2      | Noticed Natasha
  2382 | D:2      | Killed Natasha
  2457 | D:2      | Noticed Robin
  2471 | D:2      | Killed Robin
  2754 | D:2      | Noticed Sigmund
  2764 | D:2      | Killed Sigmund
  2765 | D:2      | Reached skill level 6 in Axes
  2765 | D:2      | Reached XP level 6. HP: 51/53 MP: 6/6
  3616 | D:3      | Reached skill level 7 in Axes
  3961 | D:4      | Reached skill level 5 in Armour
  3961 | D:4      | Reached XP level 7. HP: 58/60 MP: 7/7
  4027 | D:4      | Found an ornate altar of the Wu Jian Council.
  4038 | D:4      | Reached skill level 5 in Fighting
  4045 | D:4      | Reached skill level 8 in Axes
  4129 | D:4      | Found a sacrificial altar of Ru.
  4261 | D:4      | Gained mutation: You are frail. (-10% HP) [potion of
                  | mutation]
  4261 | D:4      | Gained mutation: You occasionally lose the ability to drink
                  | potions when taking damage. [potion of mutation]
  4261 | D:4      | Gained mutation: You have hidden genetic potential. [potion
                  | of mutation]
  4262 | D:4      | Lost mutation: You are frail. (-10% HP) [potion of
                  | mutation]
  4262 | D:4      | Lost mutation: You occasionally lose the ability to drink
                  | potions when taking damage. [potion of mutation]
  4262 | D:4      | Gained mutation: You are frail. (-10% HP) [potion of
                  | mutation]
  4262 | D:4      | Gained mutation: You are partially covered in iridescent
                  | scales. (AC +2) [potion of mutation]
  4693 | D:5      | Entered Level 5 of the Dungeon
  4707 | D:5      | Found a staircase to the Ecumenical Temple.
  4905 | D:5      | Noticed Pikel
  4937 | D:4      | Killed Pikel
  4938 | D:4      | Reached skill level 10 in Axes
  4938 | D:4      | Reached XP level 8. HP: 45/63 MP: 8/8
  4953 | D:4      | Gained mutation: You possess an exceptional clarity of
                  | mind. [hidden potential]
  5084 | D:5      | Noticed Eustachio
  5098 | D:5      | Killed Eustachio
  5108 | D:5      | Reached skill level 11 in Axes
  5108 | D:5      | Reached XP level 9. HP: 16/70 MP: 9/9
  5445 | D:5      | Reached skill level 1 in Evocations
  5491 | D:5      | Noticed Dowan
  5491 | D:5      | Noticed Duvessa
  5500 | D:5      | Killed Duvessa
  5504 | D:5      | Killed Dowan
  5864 | D:5      | Gained mutation: Your flesh is heat resistant. (rF+)
                  | [hidden potential]
  5864 | D:5      | Lost mutation: You have hidden genetic potential. [hidden
                  | potential expressed]
  5966 | D:5      | Found a runed translucent door.
  5967 | D:5      | Noticed Crazy Yiuf
  6216 | D:5      | Found a shimmering blue altar of Sif Muna.
  6474 | D:5      | Killed Crazy Yiuf
  6816 | D:6      | Became a worshipper of Beogh the Brigand
  6875 | D:6      | Reached skill level 12 in Axes
  6962 | D:6      | Noticed Grinder
  6967 | D:6      | Paralysed by Grinder for 4 turns
  6973 | D:6      | Killed Grinder
  7220 | D:7      | Reached skill level 5 in Shields
  7413 | D:7      | Noticed Menkaure
  7417 | D:7      | Killed Menkaure
  7418 | D:7      | Reached XP level 10. HP: 77/77 MP: 10/10
  7453 | D:7      | Reached skill level 1 in Invocations
  7462 | D:7      | Reached skill level 13 in Axes
  7836 | D:7      | Reached * piety under Beogh
  8280 | D:8      | Noticed Erica
  8290 | D:8      | Killed Erica
  8291 | D:8      | Reached skill level 14 in Axes
  8410 | D:9      | Reached ** piety under Beogh
  8613 | D:8      | Reached XP level 11. HP: 79/85 MP: 14/14
  8652 | D:8      | Reached skill level 5 in Evocations
  9119 | D:9      | Identified the amulet of Jitz {Faith rN++}
  9142 | D:9      | Noticed Grum
  9166 | D:9      | HP: 3/85 [Grum/-1 spear (14)]
  9167 | D:9      | Mangled by Grum

Illustrated notes

Levels and vault maps discovered:
D:1:      evilmike_arrival_rings, layout_basic,
          ebering_ecumenical_altar_petrified
D:2:      layout_loops_corners, st_stairs_1, uniq_robin, uniq_natasha,
          uniq_sigmund
D:3:      layout_basic, minmay_misc_feat_diagonals
D:4:      layout_layer_cave, mainiacjoe_overflow_large_starburst,
          dk_noncrumbling_2
D:5:      kennysheep_kobold_camp, layout_rooms, kennysheep_orc_sif_temple,
          minmay_temple_entry_junction_2, kennysheep_nondescript,
          minmay_checkerbox, uniq_crazy_yiuf_cottage, uniq_eustachio,
          uniq_duvessa, uniq_pikel
D:6:      layout_basic, uniq_grinder
D:7:      layout_rooms, serial_undead, serial_undead_f, serial_undead_d,
          serial_undead_f, serial_undead_d, serial_undead_c, serial_undead_c,
          serial_undead_f, serial_undead_e, serial_undead_d, serial_undead_e,
          uniq_menkaure
D:8:      layout_basic, uniq_erica
D:9:      layout_basic, kennysheep_big_empty_room, uniq_grum

Skill      XL: |  1  2  3  4  5  6  7  8  9 10 11 |
---------------+----------------------------------+-----
Axes           | 3 4 5 6 7 10 11 12 14 | 14.6
Fighting       | 4 5 6 7 8 |  8.8
Armour         | 4 5 6 7 8 |  8.3
Shields        | 4 5 |  5.6
Evocations     | 3 4 5 |  5.1
Invocations    | 4 |  4.6

Action                   |  1- 3 |  4- 6 |  7- 9 | 10-12 || total
-------------------------+-------+-------+-------+-------++-------
Melee: War axe           |    82 |   156 |   245 |   235 ||   718
Invok: Convert to Beogh  |       |       |     1 |       ||     1
  Use: Scroll            |     1 |     7 |    11 |     4 ||    23
       Potion            |       |       |     2 |       ||     2
 Stab: Distracted        |       |       |       |     1 ||     1
Armor: Scale mail        |    35 |    61 |   102 |   115 ||   313
Dodge: Dodged            |    51 |    62 |   169 |   150 ||   432
Block: Buckler           |    23 |    28 |    56 |    67 ||   174
